AoeStats
← ArthurMitchell3

Nomad

509233557Analyzed
4v4 RM · 6d ago on Sep 26, 2026· 48m 29s· 8 players
Game mode
Random Map
Map size
231×231
Population
200
Speed
Normal
Resources
Standard
Victory
Conquest
Starting age
Dark Age
Ending age
Imperial Age
RankedLock teamsTeams togetherTeam positionsShared explorationLock speedFull tech treeHidden civsTurbo modeCheats
Victory
Defeat
🇭🇰 Vietnamese · Hong Kong SAR China
1497
+14
🇨🇳 Franks · China
1408
+18
1391
+18
🇺🇸 Hindustanis · United States
1339
+21
🇲🇽 Burgundians · Mexico
1485
-19
🇧🇷 Huns · Brazil
1448
-18
🇺🇸 Portuguese · United States
1419
-17
🇮🇹 Danes · Italy
1418
-17
LiquidSteel71
4:50 Loom
13:17 Feudal Age
14:12 Double-Bit Axe
15:58 Fletching
20:10 Castle Age
17:57 Horse Collar
18:09 Gold Mining
18:41 Fishing Lines
21:17 Bow Saw
21:22 Medium Warships
21:14 Bodkin Arrow
22:12 Heavy Plow
23:33 Wheelbarrow
27:21 Imperial Age
29:57 Bracer
31:45 Ballistics
40:15 Wheelbarrow
40:16 Pikeman
43:20 Conscription
43:25 Scale Mail Armor
43:36 Forging
44:02 Halberdier
46:11 Chain Mail Armor
46:57 Elite Organ Gun
49:17 Chemistry
48:13 Murder Holes
48:55 Arquebus
Bider
11:54 Feudal Age
12:33 Loom
16:53 Castle Age
16:21 Man-at-Arms
17:14 Forging
16:52 Arson
17:48 Long Swordsman
20:57 Gambesons
21:14 Squires
21:19 Scale Mail Armor
21:14 Town Watch
21:19 Horse Collar
23:55 Wheelbarrow
26:16 Chain Mail Armor
41:06 Pikeman
46:33 Fletching
edengr7
4:37 Loom
10:52 Double-Bit Axe
17:40 Feudal Age
16:04 Gold Mining
16:48 Fishing Lines
19:00 Gillnets
21:24 Castle Age
21:34 Forging
22:40 Wheelbarrow
Perseu
6:38 Loom
14:09 Feudal Age
15:25 Fishing Lines
17:53 Castle Age
16:32 Gold Mining
16:31 Double-Bit Axe
16:38 Fletching
18:40 Bodkin Arrow
21:51 Gold Shaft Mining
24:52 Horse Collar
26:43 Padded Archer Armor
29:14 Ballistics
32:30 Wheelbarrow
34:59 Bow Saw
39:14 Imperial Age
38:08 Husbandry
38:18 Bloodlines
41:08 Two-Man Saw
40:53 Bracer
42:25 Chemistry
44:23 Scale Mail Armor
44:34 Forging
ArthurMitchell3
8:35 Loom
14:11 Feudal Age
18:10 Castle Age
16:38 Forging
17:52 Scale Mail Armor
20:12 Iron Casting
22:02 Fletching
你可以打我队友吗
4:36 Loom
13:43 Feudal Age
17:33 Castle Age
15:51 Double-Bit Axe
16:33 Fishing Lines
18:21 Fletching
20:54 Scale Barding Armor
26:50 Wheelbarrow
26:57 Horse Collar
28:31 Bodkin Arrow
29:35 Svan Towers
31:35 Guard Tower
32:46 Heavy Plow
33:29 Chain Barding Armor
34:00 Murder Holes
34:26 Ballistics
34:39 Gold Mining
34:40 Stone Mining
35:01 Bow Saw
39:56 Imperial Age
40:14 Forging
41:20 Hand Cart
41:32 Conscription
40:34 Elite Monaspa
42:41 Stone Shaft Mining
43:30 Bracer
44:06 Plate Barding Armor
43:25 Elite Monaspa
45:11 Keep
44:22 Arrowslits
45:38 Chemistry
45:16 Conscription
45:33 Conscription
46:10 Crop Rotation
48:14 Padded Archer Armor
48:26 Forging
乌合之众
6:01 Loom
14:22 Feudal Age
19:06 Castle Age
19:22 Double-Bit Axe
25:06 Scale Barding Armor
26:38 Fletching
29:38 Chain Barding Armor
30:13 Gold Mining
36:12 Imperial Age
34:18 Wheelbarrow
34:52 Forging
36:08 Husbandry
36:16 Cavalier
37:36 Plate Barding Armor
37:55 Iron Casting
40:58 Blast Furnace
42:03 Paladin
你朋友
5:18 Loom
13:27 Feudal Age
17:22 Castle Age
16:14 Double-Bit Axe
16:38 Gold Mining
17:55 Fletching
18:17 Bow Saw
18:17 Town Watch
18:49 Bodkin Arrow
21:27 Padded Archer Armor
24:12 Leather Archer Armor
28:11 Horse Collar
31:14 Ballistics
31:41 Stone Mining
33:01 Wheelbarrow
36:31 Imperial Age
36:05 Thumb Ring
38:30 Chemistry
37:37 Siege Engineers
37:54 Bracer
38:12 Masonry
37:43 Treadmill Crane
39:50 Ring Archer Armor
40:40 Heavy Plow
43:53 Hoardings
44:42 Elite Rattan Archer
45:44 Paper Money
46:04 Hand Cart
48:54 Crop Rotation
Connection lost

Rejoining the realm…

Still unreachable

The connection could not be restored.

Session expired

The server has moved on; the page needs a fresh start.